 Dungeon Crawl Stone Soup version 0.25.1-2-g60ff931df9 (webtiles) character file.

Game seed: 6445933186727912784

114 funkygono the Shield-Bearer (level 4, -2/29 HPs)
             Began as a Gargoyle Fighter on Dec 7, 2020.
             Killed by divine providence
             ... invoked by an orc priest
              (15 damage)
             ... on level 3 of the Dungeon.
             The game lasted 00:05:57 (2478 turns).

funkygono the Shield-Bearer (Gargoyle Fighter)      Turns: 2478, Time: 00:05:57

Health: -2/29      AC: 20    Str: 21    XL:     4   Next: 98%
Magic:  4/4        EV:  0    Int:  8    God:
Gold:   224        SH: 14    Dex:  9    Spells: 3/3 levels left

rFire    . . .     SeeInvis .   a - +0 flail
rCold    . . .     Gourm    .   c - +0 kite shield
rNeg     + . .     Faith    .   k - +1 crystal plate armour
rPois    ∞         Spirit   .   (no helmet)
rElec    +         Reflect  +   (no cloak)
rCorr    .         Harm     .   (no gloves)
MR       .....                  (no boots)
Stlth    ..........             p - amulet of reflection
HPRegen  0.09/turn              (no ring)
MPRegen  0.09/turn              (no ring)

@: no status effects
A: negative energy resistance 1, electricity resistance, unbreathing,
petrification resistance, rot immunity, AC +3
a: no special abilities


You were on level 3 of the Dungeon.
You were not hungry.

You visited 1 branch of the dungeon, and saw 3 of its levels.

You collected 224 gold pieces.

Inventory:

Hand Weapons
 a - a +0 flail (weapon)
 b - a +0 hunting sling
Missiles
 n - 53 stones (quivered)
 s - 13 sling bullets
Armour
 c - a +0 kite shield (worn)
 k - a +1 crystal plate armour (worn)
Jewellery
 p - an amulet of reflection (around neck)
Scrolls
 g - 4 scrolls of teleportation
 h - 2 scrolls of amnesia
 t - a scroll of remove curse
Potions
 d - a potion of might
 e - a potion of curing
 j - a potion of resistance {unknown}
 l - a potion of flight {unknown}
 m - a potion of lignification {unknown}
 o - 2 potions of berserk rage
 q - a potion of magic {unknown}
 r - a potion of heal wounds {unknown}
Comestibles
 f - 9 rations
 i - 2 chunks of flesh


   Skills:
 + Level 3.8 Fighting
 + Level 2.9 Maces & Flails
 + Level 1.0 Slings
 + Level 3.7 Armour
 + Level 4.5 Shields


You had 3 spell levels left.
You didn't know any spells.
Your spell library was empty.

Dungeon Overview and Level Annotations

Branches:
Dungeon (3/15)

Altars:
Makhleb
Yredelemnul
Zin


Innate Abilities, Weirdness & Mutations

You are resistant to torment.
Your stone body is resilient. (AC +3)
You are immune to poison.
You resist negative energy. (rN+)
You are resistant to electric shocks. (rElec)
You can survive without breathing.
You are immune to petrification.
You are immune to rotting.


Message History

You block the orc priest's attack.
You completely miss the orc priest.
The orc priest is moderately wounded.
You block the orc priest's attack.
An orc wizard comes into view. It is wielding a +0 dagger.
You closely miss the orc priest.
The orc priest is moderately wounded.
The orc wizard shouts!
The orc priest hits you.
Your shield and crystal plate armour prevent you from hitting the orc.
The orc priest looks braver for a moment.
Your shield and crystal plate armour prevent you from hitting the orc.
The orc hits you but does no damage.
An orc priest comes into view. It is wielding a +0 flail.
The orc hits you but does no damage.
You barely miss the orc.
The orc priest mumbles some strange prayers to Beogh against you.
Beogh smites you!
Ouch! That really hurt!
You die...

###### #....#
########....####
#..............###
+................#
#..............#.# .
############....####.##....
................@oo.........
.#########......##o....#####
.#########....####?........
....................o..####
.......)...............#
..............####..((.#
####.......##.# #####..#
#.......##.# .(#
#.......##.#


You could see 2 orc priests and 2 orcs.

Vanquished Creatures
  3 gnolls (D:3)
  An adder (D:2)
  A worm (D:3)
  2 dart slugs (D:2)
  A leopard gecko (D:1)
  An orc (D:3)
  3 ball pythons
  2 gnoll zombies (D:2)
  9 goblins
  9 hobgoblins
  10 jackals
  5 kobolds
  A quokka (D:2)
  6 bats
  3 frilled lizards (D:2)
  4 rats
61 creatures vanquished.

Notes
Turn   | Place    | Note
-------+----------+-------------------------------------------
     0 | D:1      | funkygono the Gargoyle Fighter began the quest for the Orb.
     0 | D:1      | Reached XP level 1. HP: 14/14 MP: 1/1
   201 | D:1      | Reached XP level 2. HP: 16/19 MP: 2/2
   775 | D:1      | Reached XP level 3. HP: 22/23 MP: 3/3
  1176 | D:2      | Reached skill level 4 in Shields
  1477 | D:2      | Found a burning altar of Makhleb.
  1477 | D:2      | Found a glowing silver altar of Zin.
  1478 | D:2      | Noticed an angel
  1478 | D:2      | Noticed a blizzard demon
  1661 | D:2      | Reached XP level 4. HP: 28/29 MP: 4/4
  1990 | D:2      | Found a basalt altar of Yredelemnul.
  2465 | D:3      | Reached skill level 1 in Slings
  2478 | D:3      | Killed from afar by an orc priest

Illustrated notes

Levels and vault maps discovered:
D:1:      nzn_arrival_depleted_hourglass, layout_loops_ring
D:2:      layout_loops_ring, grunt_temple_overflow_order_and_chaos_2,
          lemuel_zombie_altar_yredelemnul
D:3:      layout_basic, old_standard_altar, nicolae_overflow_hidden_temple,
          ashenzari_altar_1

Skill      XL: |  1  2  3  4 |
---------------+-------------+-----
Shields        | 4 |  4.5
Slings         | 1 |  1.0
Fighting       | |  3.8
Maces & Flails | |  2.9
Armour         | |  3.7

Action                   |  1- 3 |  4- 6 || total
-------------------------+-------+-------++-------
Melee: Flail             |   464 |    78 ||   542
 Fire: Hunting sling     |       |    30 ||    30
  Use: Scroll            |     6 |     4 ||    10
       Potion            |       |     1 ||     1
  Eat: Chunk             |     4 |     3 ||     7
Armor: Crystal plate arm |   477 |    76 ||   553
       Scale mail        |     1 |       ||     1
Dodge: Dodged            |    18 |     3 ||    21
Block: Kite shield       |   345 |    49 ||   394
